 Dungeon Crawl Stone Soup version 0.31-a0-174-g85c54bcb58 (webtiles) character file.

Game seed: 6458193388614740116

49 qw the Shooter (level 3, -4/22 HPs)
             Began as a Gargoyle Hunter on June 15, 2023.
             Slain by a gnoll
             ... wielding a +0 spear
              (8 damage)
             ... on level 2 of the Dungeon.
             The game lasted 00:00:19 (656 turns).

qw the Shooter (Gargoyle Hunter)                     Turns: 656, Time: 00:00:19

Health: -4/22      AC:  8    Str: 14    XL:     3   Next: 75%
Magic:  3/3        EV: 11    Int:  9    God:
Gold:   31         SH:  0    Dex: 15    Spells: 2/2 levels left

rFire   . . .        Y - +0 shortbow
rCold   + . .        (shield currently unavailable)
rNeg    + . .        g - +2 leather armour {rC+}
rPois   inf          (no helmet)
rElec   +            (no cloak)
rCorr   .            (no gloves)
SInv    .            (no boots)
Will    .....        (no amulet)
Stlth   ++           (no ring)
HPRegen 0.23/turn    (no ring)
MPRegen 0.08/turn

%: no passive effects
@: no status effects
A: sickness immunity, AC +3, negative energy resistance 1, electricity
resistance, torment resistance 1, petrification resistance
a: no special abilities


You were on level 2 of the Dungeon.
You visited 1 branch of the dungeon, and saw 2 of its levels.

You collected 31 gold pieces.


Innate Abilities, Weirdness & Mutations

You are immune to sickness and miasma.
Your stone body is resilient. (AC +3)
You are immune to poison.
You resist negative energy. (rN+)
You are resistant to electric shocks. (rElec)
You are resistant to unholy torment.
You are immune to petrification.


   Skills:
 + Level 2.9 Fighting
 - Level 5.0 Ranged Weapons
 - Level 1.5 Dodging
 - Level 1.1 Stealth


You had 2 spell levels left.
You didn't know any spells.
Your spell library was empty.

Inventory:

Hand Weapons
 Y - a +0 shortbow (weapon)
Armour
 g - a +2 leather armour of cold resistance (worn)
Potions
 f - a potion of curing {unknown}
 h - a potion of attraction {unknown}
 i - a potion of might {unknown}

Dungeon Overview and Level Annotations

Branches:
Dungeon (2/15)

Altars:

Shops:
D:1 !


Message History

The gnoll closely misses you. The rat misses you.
The rat bites you but does no damage. x3; The gnoll hits you with a +0 whip.
You shoot an arrow.
The arrow hits the gnoll but does no damage.
The gnoll is heavily wounded.
The gnoll barely misses you. The rat bites you. The rat closely misses you.
You shoot an arrow. The arrow barely misses the gnoll.
The gnoll hits you with a +0 whip. The rat bites you.
The rat barely misses you.
You shoot an arrow. The arrow hits the gnoll.
The gnoll is severely wounded.
The gnoll closely misses you. The rat barely misses you. x2
You shoot an arrow. The arrow barely misses the gnoll.
The gnoll hits you with a +0 whip. The rat barely misses you.
The rat bites you but does no damage.
You shoot an arrow. The arrow hits the gnoll.
You kill the gnoll!
The rat bites you but does no damage. The rat barely misses you.
You shoot an arrow. The arrow hits the gnoll!
You kill the gnoll!
The rat bites you but does no damage. x2; The gnoll barely misses you.
The rat bites you. x2; The gnoll misses you.
You shoot an arrow.
The arrow hits the rat but does no damage.
The gnoll hits you from afar with a +0 spear.
The rat bites you but does no damage. The rat bites you.
You shoot an arrow. The arrow hits the rat.
You kill the rat!
The gnoll closely misses you. The rat misses you.
You shoot an arrow.
The arrow hits the rat but does no damage.
The gnoll barely misses you. The rat barely misses you.
You shoot an arrow. The arrow closely misses the rat.
The gnoll closely misses you. The rat completely misses you.
You shoot an arrow. The arrow hits the rat.
You kill the rat!
The gnoll barely misses you.
You shoot an arrow.
The arrow hits the gnoll but does no damage.
The gnoll hits you from afar with a +0 spear!
You die...

...... ..... !
.... #. ...
###### .. .g
#....# ..#! #g
##....#
.....#)####.....#
.......@#.......#
......#%..##....#
.....
#..#####.###
........## #...#
####....#
###.######
#..##.. #.##...##
#.# ##( #.#.....#
#. . #........ #
.# #........


You could see 2 gnolls.

Vanquished Creatures
  2 gnolls (D:2)
  An adder (D:1)
  A dart slug (D:1)
  4 endoplasms (D:1)
  2 hobgoblins (D:1)
  A quokka (D:1)
  2 ball pythons (D:1)
  A bat (D:1)
  2 goblins (D:1)
  A kobold (D:1)
  4 rats
21 creatures vanquished.

Notes
Turn   | Place    | Note
-------+----------+-------------------------------------------
     0 | D:1      | qw the Gargoyle Hunter began the quest for the Orb.
     0 | D:1      | Reached XP level 1. HP: 12/12 MP: 1/1
     0 | D:1      | 0 ||| qw: Version: 0.2-a-29-g511e9b1
     0 | D:1      | 0 ||| qw: Game counter: 5322
     0 | D:1      | 0 ||| qw: Always use a shield: true
     0 | D:1      | 0 ||| qw: God list: Okawaru
     0 | D:1      | 0 ||| qw: Allow faded altars: false
     0 | D:1      | 0 ||| qw: Do Orc after D:15 true
     0 | D:1      | 0 ||| qw: Do second Lair branch before Depths: true
     0 | D:1      | 0 ||| qw: Lair rune preference: random
     0 | D:1      | 0 ||| qw: Plans: Normal, Zot:1-4, Slime:5, God:TSO, Crypt,
                  | Tomb, Abyss, Pan, Hells, Win
     0 | D:1      | 0 ||| PLANNING D:1-11
   111 | D:1      | Reached XP level 2. HP: 13/17 MP: 2/2
   399 | D:1      | Found Faadwees's Distillery.
   422 | D:1      | 422 ||| SHOPLISTING potion of lignification (33 gold, have
                  | 24).
   422 | D:1      | 422 ||| SHOPLISTING potion of mutation (88 gold, have 24).
   422 | D:1      | 422 ||| SHOPLISTING potion of resistance (110 gold, have
                  | 24).
   544 | D:1      | 544 ||| UPGRADING to +2 leather armour of cold resistance.
   554 | D:1      | 554 ||| DROPPING +0 leather armour.
   555 | D:1      | 555 ||| READING scroll labelled DEPLAWNA YKIDD.
   556 | D:1      | 556 ||| READING scroll labelled FUEHYI NIOJ.
   557 | D:1      | 557 ||| READING scroll labelled ZIAKKE GOGROIC.
   558 | D:1      | 558 ||| DROPPING scroll of butterflies.
   601 | D:2      | 601 ||| STAIRDANCE
   606 | D:1      | Reached skill level 5 in Ranged Weapons
   606 | D:1      | Reached XP level 3. HP: 20/21 MP: 3/3
   651 | D:2      | HP: 3/22 [gnoll/+0 spear (3)]
   656 | D:2      | Slain by a gnoll

Levels and vault maps discovered:
D:1:      erik_arrival_cave_to_civilisation [erik_arrival_cave_to_hall],
          layout_rooms, serial_shops, nicolae_shop_industrial_runoff,
          minivault_25
D:2:      layout_rooms, ebering_ecumenical_altar_box, st_stairs_4,
          minmay_hedge_maze, uniq_natasha

Skill      XL: |  1  2 |
---------------+-------+-----
Ranged Weapons | 5 |  5.0
Fighting       | |  2.9
Dodging        | |  1.5
Stealth        | |  1.1

Action                     || total
---------------------------++-------
   Fire: Shortbow          ||    71
    Use: Scroll            ||     3
 Armour: Leather armour    ||    17
  Dodge: Dodged            ||    36

Table legend:
 A = Non-vault XP
 B = Vault XP
 C = Vault XP percentage of total XP
 D = Non-vault monster count
 E = Vault monster count
 F = Vault count percentage of total count
                 A         B        C        D         E       F
            +---------+---------+-------+---------+---------+-------
      Total |      67 |       3 |   4.3 |      19 |       2 |   9.5
            +---------+---------+-------+---------+---------+-------
        D:1 |      37 |       3 |   7.5 |      15 |       2 |  11.8
        D:2 |      30 |       0 |   0.0 |       4 |       0 |   0.0
            +---------+---------+-------+---------+---------+-------
